 Dungeon Crawl Stone Soup version 0.19.0-16-g73b5abf (webtiles) character file.

8113 MirrMurr the Brawler (level 11, -9/97 HPs)
             Began as a Troll Hunter on Nov 11, 2016.
             Was a High Priest of Dithmenos.
             Mangled by a phantasmal warrior (13 damage)
             ... led by a death knight
             ... on level 10 of the Dungeon.
             The game lasted 00:21:30 (7978 turns).

MirrMurr the Brawler (Troll Hunter)                 Turns: 7978, Time: 00:21:31

Health: -9/97      AC:  7    Str: 22    XL:     11   Next: 5%
Magic:  19/19      EV: 10    Int:  7    God:    Dithmenos [*****.]
Gold:   489        SH:  5    Dex: 13    Spells: 0 memorised, 10 levels left

rFire  . . .     SeeInvis .       - Unarmed
rCold  . . .     Gourm    +     b - +0 robe
rNeg   . . .     Faith    .     (no shield)
rPois  .         Spirit   .     (helmet restricted)
rElec  .         Reflect  +     i - +1 cloak
rCorr  .         Harm     .     (gloves unavailable)
MR     .....                    (boots unavailable)
Stlth  ++........               J - +5 amulet of reflection
                                e - ring of wizardry
                                j - ring of magical power

@: about to teleport, vulnerable, slowed, wreathed by umbra, very slow
A: unfitting armour, claws 3, fast metabolism 3, gourmand, regeneration 1,
shaggy fur 1, tough skin 2
a: Shadow Step, Shadow Form, Renounce Religion


You were on level 10 of the Dungeon.
You worshipped Dithmenos.
Dithmenos was extremely pleased with you.
You were completely stuffed.

You visited 1 branch of the dungeon, and saw 10 of its levels.

You collected 489 gold pieces.

Inventory:

Hand Weapons
 a - a +0 blowgun
Missiles
 c - 9 large rocks (quivered)
 d - 4 throwing nets
 B - 53 poisoned needles
 F - 8 needles of paralysis
Armour
 b - a +0 robe (worn)
 i - a +1 cloak (worn)
Jewellery
 e - a ring of wizardry (right claw)
 j - a ring of magical power (left claw)
 u - a +5 ring of dexterity {unknown}
 J - a +5 amulet of reflection (around neck)
 M - a +3 ring of strength {unknown}
 T - a cursed -3 ring of intelligence {unknown}
Wands
 y - a wand of confusion (29/48)
 K - a wand of iceblast (15/15)
 P - a wand of confusion (11/48)
 Q - a wand of slowing (17/48)
Scrolls
 k - a scroll of enchant armour
 m - 5 scrolls of enchant weapon
 o - 7 scrolls of teleportation
 r - 4 scrolls of remove curse
 C - a scroll of fog
 H - a scroll of fear
 I - 3 scrolls of identify
Potions
 g - a potion of cancellation
 h - 9 potions of curing
 l - a potion of ambrosia
 s - a potion of resistance
 v - a potion of berserk rage
 w - a potion of agility {unknown}
 x - 2 potions of brilliance
 z - 2 potions of cure mutation
 D - a potion of flight
 G - a potion of invisibility {unknown}
 N - a potion of heal wounds
 O - 5 potions of degeneration {unknown}
 R - a potion of haste
 S - a potion of might {unknown}
Books
 E - a book of Misfortune

   Spells                             Type                      Level
   a - Confusing Touch                Hexes                        1
   b - Confuse                        Hexes                        3
   c - Gell's Gravitas                Hexes/Translocation          3
   d - Petrify                        Transmutation/Earth          4
   e - Metabolic Englaciation         Hexes/Ice                    5
   f - Yara's Violent Unravelling     Hexes/Transmutation          5
 L - a book of Air

   Spells                             Type                      Level
   a - Shock                          Conjuration/Air              1
   b - Swiftness                      Charms/Air                   2
   c - Repel Missiles                 Charms/Air                   2
   d - Static Discharge               Conjuration/Air              3
   e - Lightning Bolt                 Conjuration/Air              5
Comestibles
 f - 8 bread rations
 n - a royal jelly
 p - a meat ration
 q - 28 fruits
 t - a slice of pizza
 A - 2 beef jerkies


   Skills:
 + Level 3.5 Fighting
 + Level 4.6 Throwing
 + Level 2.0 Dodging
 - Level 0.3 Stealth
 * Level 15.3 Unarmed Combat


You had 10 spell levels left.
You didn't know any spells.

Dungeon Overview and Level Annotations

Branches:
Dungeon (10/15)            Temple (0/1) D:6
   Lair: D:8-11         Orc: D:9-12

Altars:
Ashenzari
Dithmenos
Fedhas
Gozag
Makhleb
Yredelemnul
The Shining One

Shops:
D:6 (   D:7 :

Annotations:
D:2 2 exclusions


Innate Abilities, Weirdness & Mutations

You are too large for most types of armour.
You have claws for hands.
Your metabolism is lightning-fast.
You like to eat raw meat.
Your natural rate of healing is unusually fast.
You are covered in fur. (AC +1)
You have very tough skin. (AC +2)


Message History

Your magical defenses are stripped away!
You scratch the death knight but do no damage.
The death knight is moderately wounded.
Your shadow closely misses the death knight.
The death knight hits you with a great mace!
The bullfrog zombie hits you. The phantasmal warrior hits you!!
* * * LOW HITPOINT WARNING * * *
You are too injured to fight recklessly!
You are too injured to fight recklessly!
You are too injured to fight recklessly!
You block the wraith's attack.
The phantasmal warrior blinks!
The bullfrog zombie hits you.
* * * LOW HITPOINT WARNING * * *
As you read the scroll of teleportation, it crumbles to dust.
You feel strangely unstable. The bullfrog zombie misses you.
The phantasmal warrior blinks!
You block the wraith's attack.
The death knight hits you with a great mace!
* * * LOW HITPOINT WARNING * * *
The phantasmal warrior hits you!
You die...

.... .........##### ....
###.......... .....
#.......... .....
#.......... ......
#..........
......#+#######..(.......
....(..§.................
#.ZW.W§..............
#.>p@.........####++#
#..W$.).......#......
#.............#......
#....##########......
#....#...............
#.####............... #.
................ #.
........########
........#


You could see a death knight, a phantasmal warrior, 2 wraiths and a bullfrog
zombie.

Vanquished Creatures
  Harold (D:10)
  Pikel (D:7)
  Psyche (D:8)
  A centaur skeleton (D:10)
  A hornet (D:8)
  A two-headed ogre (D:10)
  Prince Ribbit (D:6)
  A hippogriff (D:8)
  2 wraiths (D:10)
  5 yaks (D:9)
  2 hungry ghosts
  Duvessa (D:7)
  An orc warrior (D:9)
  4 ice beasts
  2 slaves (D:7)
  4 sky beasts
  5 ogres
  3 phantoms
  4 centaurs
  A crocodile (D:8)
  5 bullfrogs
  4 big kobolds
  Dowan (D:7)
  5 scorpions
  4 wights (D:9)
  A bullfrog zombie (D:9)
  2 howler monkeys (D:4)
  2 centaur zombies (D:5)
  2 crimson imps
  A quasit (D:9)
  2 hounds
  2 jellies
  Crazy Yiuf (D:3)
  3 orc priests
  2 bullfrog skeletons
  Jessica (D:2)
  3 iguanas
  8 orc wizards
  5 worker ants
  A hound skeleton (D:7)
  A howler monkey zombie (D:9)
  4 gnolls (D:9)
  9 adders
  A howler monkey skeleton (D:5)
  A shadow imp (D:8)
  A white imp (D:4)
  An ooze (D:4)
  2 adder skeletons
  A worm (D:2)
  4 dart slugs
  8 leopard geckos
  23 orcs
  4 bats
  7 giant cockroaches
  5 goblins
  14 hobgoblins
  4 jackals (D:5)
  21 kobolds
  2 quokkas
  3 ball pythons
  3 frilled lizards
  2 goblin skeletons (D:4)
  A goblin zombie (D:4)
  3 hobgoblin zombies (D:4)
  A jackal zombie (D:5)
  A kobold zombie (D:4)
  2 leopard gecko skeletons
  A leopard gecko zombie (D:6)
  An orc zombie (D:4)
  A quokka skeleton (D:4)
  7 rats
  A fungus (D:3)
237 creatures vanquished.

Notes
Turn   | Place    | Note
-------+----------+-------------------------------------------
     0 | D:1      | MirrMurr the Troll Hunter began the quest for the Orb.
     0 | D:1      | Reached XP level 1. HP: 19/19 MP: 0/0
    59 | D:1      | Reached XP level 2. HP: 28/28 MP: 1/1
   192 | D:1      | Reached skill level 1 in Unarmed Combat
   323 | D:1      | Reached XP level 3. HP: 35/35 MP: 2/2
   685 | D:2      | Found a faded altar of an unknown god.
   769 | D:2      | Reached skill level 2 in Unarmed Combat
   794 | D:2      | Became a worshipper of Dithmenos the Shadowed
   794 | D:2      | Reached * piety under Dithmenos
   829 | D:2      | Found a blossoming altar of Fedhas.
   859 | D:2      | Noticed Jessica
   867 | D:2      | Killed Jessica
   867 | D:2      | Reached XP level 4. HP: 42/42 MP: 3/3
  1281 | D:3      | Reached skill level 3 in Unarmed Combat
  1578 | D:3      | Reached XP level 5. HP: 42/49 MP: 4/4
  1583 | D:3      | Reached skill level 4 in Unarmed Combat
  1877 | D:3      | Found a runed door.
  1881 | D:3      | Noticed Crazy Yiuf
  1887 | D:3      | Killed Crazy Yiuf
  1995 | D:4      | Reached skill level 5 in Unarmed Combat
  2001 | D:4      | Reached XP level 6. HP: 28/57 MP: 5/5
  2003 | D:4      | Reached ** piety under Dithmenos
  2023 | D:4      | HP: 2/57 [ogre/giant spiked club (25)]
  2239 | D:4      | Reached skill level 6 in Unarmed Combat
  2292 | D:4      | Found a glowing golden altar of the Shining One.
  2339 | D:4      | Reached XP level 7. HP: 65/65 MP: 6/6
  2555 | D:4      | Found a faded altar of an unknown god.
  2555 | D:4      | Found a faded altar of an unknown god.
  2560 | D:4      | Found a shattered altar of Ashenzari.
  2562 | D:4      | Found a faded altar of an unknown god.
  2564 | D:4      | Found a faded altar of an unknown god.
  2607 | D:4      | Reached skill level 7 in Unarmed Combat
  2787 | D:5      | Entered Level 5 of the Dungeon
  3121 | D:5      | Reached skill level 8 in Unarmed Combat
  3148 | D:5      | Found an opulent altar of Gozag.
  3211 | D:5      | Reached *** piety under Dithmenos
  3223 | D:5      | Reached XP level 8. HP: 40/72 MP: 7/7
  3672 | D:6      | Noticed Prince Ribbit
  3688 | D:6      | Killed Prince Ribbit
  3688 | D:6      | Reached skill level 9 in Unarmed Combat
  3796 | D:6      | Found a basalt altar of Yredelemnul.
  4140 | D:6      | Found a staircase to the Ecumenical Temple.
  4165 | D:6      | Reached skill level 10 in Unarmed Combat
  4410 | D:6      | Found Lomaj's Weapon Shop.
  4566 | D:7      | Found Agiotipe's Book Boutique.
  4635 | D:7      | Noticed Duvessa
  4640 | D:7      | Noticed Dowan
  4642 | D:7      | Killed Duvessa
  4648 | D:7      | Killed Dowan
  4670 | D:7      | Noticed Pikel
  4687 | D:7      | Killed Pikel
  4687 | D:7      | Reached skill level 11 in Unarmed Combat
  4687 | D:7      | Reached XP level 9. HP: 54/80 MP: 8/8
  5285 | D:7      | Reached skill level 12 in Unarmed Combat
  5503 | D:8      | Reached **** piety under Dithmenos
  5617 | D:8      | Paralysed by a hornet for 3 turns
  5623 | D:8      | HP: 4/81 [hornet (12)]
  5623 | D:8      | HP: 1/81 [hornet (3)]
  5729 | D:8      | Noticed Psyche
  5738 | D:8      | Killed Psyche
  5738 | D:8      | Reached skill level 13 in Unarmed Combat
  5790 | D:8      | Reached XP level 10. HP: 91/91 MP: 9/9
  6717 | D:9      | Reached skill level 14 in Unarmed Combat
  6909 | D:9      | Reached ***** piety under Dithmenos
  7176 | D:9      | Found a burning altar of Makhleb.
  7661 | D:10     | Entered Level 10 of the Dungeon
  7841 | D:10     | Reached skill level 15 in Unarmed Combat
  7863 | D:10     | Noticed Harold
  7873 | D:10     | Killed Harold
  7873 | D:10     | Reached XP level 11. HP: 70/97 MP: 10/10
  7968 | D:10     | Noticed a death knight
  7972 | D:10     | Noticed a phantasmal warrior
  7978 | D:10     | HP: 4/97 [death knight/great mace (16)]
  7978 | D:10     | Mangled by a phantasmal warrior

Skill      XL: |  1  2  3  4  5  6  7  8  9 10 |
---------------+-------------------------------+-----
Unarmed Combat | 1 2 3 5 6 8 11 13 15 | 15.3
Throwing       | 4 |  4.6
Fighting       | 2 3 |  3.5
Dodging        | 2 |  2.0
Stealth        | |  0.3

Action                   |  1- 3 |  4- 6 |  7- 9 | 10-12 || total
-------------------------+-------+-------+-------+-------++-------
Melee: Unarmed           |   109 |   137 |   261 |   189 ||   696
       Punch             |       |     2 |    10 |    20 ||    32
Throw: Large rock        |       |       |     2 |     6 ||     8
  Use: Scroll            |     3 |     9 |    14 |     1 ||    27
       Potion            |       |     1 |     3 |       ||     4
 Stab: Sleeping          |     2 |     3 |    10 |     2 ||    17
       Distracted        |       |       |     1 |     1 ||     2
  Eat: Chunk             |    14 |    13 |    32 |    22 ||    81
Armor: Robe              |    36 |    19 |    40 |    36 ||   131
Dodge: Dodged            |    45 |    62 |    88 |    72 ||   267
Block: Other             |       |       |    17 |    36 ||    53
       Reflection        |       |       |     1 |     2 ||     3
